 Dungeon Crawl Stone Soup version 0.27-a0-380-g150de4c316 (webtiles) character file.

Game seed: 1346529917389007252

89 SkeletonJelly the Cutter (level 4, -12/31 HPs)
             Began as a Halfling Fighter on Feb 17, 2021.
             Blown up by Ijyb (15 damage)
             ... with a mindburst bolt
             ... on level 3 of the Dungeon.
             The game lasted 00:02:27 (2483 turns).

SkeletonJelly the Cutter (Halfling Fighter)         Turns: 2483, Time: 00:02:28

Health: -12/31     AC:  7    Str: 18    XL:     4   Next: 84%
Magic:  4/4        EV:  9    Int:  6    God:
Gold:   184        SH:  9    Dex: 13    Spells: 3/3 levels left

rFire    . . .     SeeInvis .   a - +0 rapier
rCold    . . .     Faith    .   c - +0 kite shield
rNeg     . . .     Spirit   .   b - +0 scale mail
rPois    .         Reflect  .   (no helmet)
rElec    .         Harm     .   (no cloak)
rCorr    .         Rampage  .   (no gloves)
Will     .....                  (no boots)
Stlth    ..........             (no amulet)
HPRegen  0.10/turn              (no ring)
MPRegen  0.09/turn              (no ring)

@: no status effects
A: small, mutation resistance 1
a: no special abilities


You were on level 3 of the Dungeon.
You visited 1 branch of the dungeon, and saw 3 of its levels.

You collected 184 gold pieces.

Inventory:

Hand Weapons
 a - a +0 rapier (weapon)
 m - a +2 antimagic dagger
Armour
 b - a +0 scale mail (worn)
 c - a +0 kite shield (worn)
Jewellery
 n - a ring of fire
Scrolls
 e - 3 scrolls of identify {unknown}
 g - a scroll of magic mapping {unknown}
 i - 3 scrolls of teleportation {unknown}
 l - a scroll of random uselessness {unknown}
Potions
 d - a potion of might
 f - a potion of degeneration {unknown}
 h - a potion of attraction {unknown}
 j - a potion of lignification {unknown}
 k - 2 potions of brilliance {unknown}
 o - a potion of flight {unknown}


   Skills:
 * Level 3.5 Fighting
 * Level 3.9 Short Blades
 + Level 3.7 Armour
 + Level 3.7 Shields


You had 3 spell levels left.
You didn't know any spells.
Your spell library was empty.

Dungeon Overview and Level Annotations

Branches:
Dungeon (3/15)

Altars:

Annotations:
D:3 Ijyb, Sigmund


Innate Abilities, Weirdness & Mutations

You are small and have problems with some larger weapons.
You are somewhat resistant to further mutation.


Message History

You barely miss the adder.
The adder is almost dead.
You feel sick. The adder bites you.
You are more poisoned.
The adder poisons you! The adder bites you but does no damage.
You take 2 damage, and have 20/31 hp.
You hit the adder.
You kill the adder!
You feel sick.
You take 1 damage, and have 19/31 hp.
No target in view!
No target in view!
No target in view!
No target in view!
You feel sick.
You feel sick.
You feel sick.
You feel sick.
You feel sick.
You feel sick.
You feel sick.
You feel sick.
You feel sick.
You feel sick.
You feel sick.
You feel sick.
You are no longer poisoned.
Key pressed, stopping explore.
Key pressed, stopping explore.
Key pressed, stopping explore.
Found 22 stones.
You see here a rapier.
Health restored: 31 An orc comes into view.
The orc shouts!
An orc is nearby!
An orc is nearby!
An orc is nearby!
The orc hits you but does no damage.
You closely miss the orc. The orc hits you but does no damage.
You hit the orc but do no damage. You block the orc's attack.
The orc hits you but does no damage.
You closely miss the orc. You block the orc's attack.
You hit the orc.
The orc is severely wounded.
The orc hits you.
You take 2 damage, and have 29/31 hp.
You closely miss the orc.
The orc is severely wounded.
The orc hits you. The orc barely misses you.
You take 2 damage, and have 27/31 hp.
You puncture the orc!
You kill the orc!
No target in view!
No target in view!
No target in view!
No target in view!
Something unseen opens the door.
Ijyb the Twisted Goblin comes into view.
She is carrying a wand of mindburst (16).
Ijyb is nearby!
Ijyb is nearby!
Ijyb is nearby!
You aren't carrying any items that you can evoke.
Okay, then.
Ijyb shouts!
Ijyb throws a stone.
You block the stone.
You barely miss Ijyb. You block Ijyb's attack.
You hit Ijyb but do no damage. Ijyb hits you but does no damage.
You block Ijyb's attack.
You hit Ijyb.
Ijyb is lightly wounded.
Ijyb closely misses you.
You hit Ijyb.
Ijyb is moderately wounded.
Ijyb hits you.
You take 2 damage, and have 26/31 hp.
Your scale mail prevents you from hitting Ijyb.
Ijyb is moderately wounded.
You block Ijyb's attack.
You hit Ijyb but do no damage.
Ijyb is moderately wounded.
Ijyb closely misses you.
Ijyb zaps a wand.
Your mind is blasted!
You take 6 damage, and have 20/31 hp.
You hit Ijyb but do no damage.
Ijyb is moderately wounded.
Ijyb hits you.
You take 2 damage, and have 18/31 hp.
You hit Ijyb.
Ijyb is moderately wounded.
Ijyb closely misses you.
You closely miss Ijyb.
Ijyb is moderately wounded.
Ijyb hits you but does no damage.
You closely miss Ijyb.
Ijyb is moderately wounded.
Ijyb zaps a wand.
Your mind is blasted!
Ouch! That really hurt!
* * * LOW HITPOINT WARNING * * *
Ijyb zaps a wand.
Your mind is blasted!
You die...

#.#.#.[..#
#.#.#.#..#
#...#.#..# #
.^#####)####.#
.............#
..#####......#
#........(.#
#.....######
#.@...+
##g...# '....+
##....# #....#
######


You could see Ijyb.

Vanquished Creatures
  3 adders
  2 dart slugs
  A leopard gecko (D:1)
  2 orcs (D:3)
  A ball python (D:1)
  10 bats
  2 giant cockroaches (D:2)
  8 goblins
  10 hobgoblins
  3 frilled lizards
  4 kobolds
  6 rats
52 creatures vanquished.

Notes
Turn   | Place    | Note
-------+----------+-------------------------------------------
     0 | D:1      | SkeletonJelly the Halfling Fighter began the quest for the
                  | Orb.
     0 | D:1      | Reached XP level 1. HP: 15/15 MP: 1/1
   226 | D:1      | Reached XP level 2. HP: 20/20 MP: 2/2
   780 | D:1      | Reached XP level 3. HP: 26/26 MP: 3/3
  1553 | D:2      | Reached XP level 4. HP: 31/31 MP: 4/4
  2099 | D:3      | Noticed Sigmund
  2471 | D:3      | Noticed Ijyb
  2483 | D:3      | Blown up by Ijyb

Illustrated notes

Levels and vault maps discovered:
D:1:      kennysheep_arrival_seaside, layout_rooms
D:2:      layout_basic, minmay_misc_feat_roman
D:3:      lemuel_upstairs_altar, layout_basic, amethyst_overflow_temple_binary,
          uniq_ijyb, uniq_sigmund

Skill      XL: |  1  2 |
---------------+-------+-----
Fighting       | 3 |  3.5
Short Blades   | 3 |  3.9
Armour         | |  3.7
Shields        | |  3.7

Action                   |  1- 3 |  4- 6 || total
-------------------------+-------+-------++-------
Melee: Rapier            |   130 |    69 ||   199
Armor: Scale mail        |    77 |    28 ||   105
Dodge: Dodged            |    65 |    30 ||    95
Block: Kite shield       |    95 |    47 ||   142

Table legend: (Time is in decaauts)
 A = Elapsed time spent in this place.
 B = Non-inter-level travel time spent in this place.
 C = Inter-level travel time spent in this place.
 D = Time resting spent in this place.
 E = Time spent auto-exploring this place.
 F = Levels seen in this place.
 G = Mean time per level.
                   A        B        C        D        E       F      G
               +--------+--------+--------+--------+--------+-----+--------+
         Total |   2541 |   2424 |    117 |      0 |   1986 |   3 |  847.0 |
       Dungeon |   2541 |   2424 |    117 |      0 |   1986 |   3 |  847.0 |
               +--------+--------+--------+--------+--------+-----+--------+

Top non-repeatable levels by time:
     D:1: 1190 daAuts
     D:2: 875 daAuts
     D:3: 475 daAuts
